 Seeded DCSS version 0.28-a0-1506-g3893175d92 (webtiles) character file.

Game seed: 2800614563183937525 (custom seed)

2454 flotson the Skirmisher (level 9, -4/68 HPs)
             Began as a Demonspawn Gladiator on Jan 13, 2022.
             Slain by Harold (11 damage)
             ... on level 7 of the Dungeon.
             The game lasted 00:09:07 (7919 turns).

flotson the Skirmisher (Demonspawn Gladiator)       Turns: 7919, Time: 00:09:08

Health: -4/68      AC: 13    Str: 23    XL:     9   Next: 25%
Magic:  9/9        EV:  5    Int: 10    God:
Gold:   255        SH:  0    Dex: 19    Spells: 8/8 levels left

rFire   . . .      SeeInvis .   a - +1 dagger (venom)
rCold   . . .      Faith    .   o - +0 tower shield
rNeg    + + .      Spirit   .   l - +0 scale mail
rPois   .          Reflect  .   c - +0 helmet
rElec   .          Harm     .   j - +0 cloak
rCorr   .          Rampage  .   n - +1 pair of gloves
Will    .....                   (no boots)
Stlth   ..........              m - amulet of Rivion Dieps {RegenMP rN++ Str+4 Dex+5}
HPRegen 0.21/turn               (no ring)
MPRegen 0.62/turn               (no ring)

@: marked, held
A: icy blue scales 1, demonic guardian 3, magic regeneration, weakness stinger 1
a: no special abilities


You were on level 7 of the Dungeon.
You visited 2 branches of the dungeon, and saw 8 of its levels.

You collected 255 gold pieces.

Inventory:

Hand Weapons
 a - a +1 dagger of venom (weapon)
 b - a +0 hunting sling
 q - a +0 war axe
 B - a +0 lajatang
Missiles
 d - 4 throwing nets (quivered)
 i - 62 sling bullets
 s - 4 poisoned darts
 v - 2 javelins
 D - 8 boomerangs
Armour
 c - a +0 helmet (worn)
 j - a +0 cloak (worn)
 l - a +0 scale mail (worn)
 n - a +1 pair of gloves (worn)
 o - a +0 tower shield (worn)
Jewellery
 m - the amulet of Rivion Dieps (around neck) {RegenMP rN++ Str+4 Dex+5}
   (You found it on level 2 of the Dungeon)

   [amulet of magic regeneration]

   It increases your rate of magic regeneration.
   Str:       It affects your strength (+4).
   Dex:       It affects your dexterity (+5).
   rN:        It greatly protects you from negative energy.
Scrolls
 e - 2 scrolls of amnesia {unknown}
 f - a scroll of brand weapon {unknown}
 g - a scroll of blinking {unknown}
 k - 2 scrolls of immolation {unknown}
 r - 2 scrolls of teleportation {unknown}
 u - 3 scrolls of fear {unknown}
 w - 2 scrolls of magic mapping {unknown}
 y - 3 scrolls of identify {unknown}
 A - a scroll of summoning {unknown}
 C - 3 scrolls of enchant armour {unknown}
 G - a scroll of noise {unknown}
Potions
 h - a potion of curing
 p - 2 potions of flight {unknown}
 t - a potion of cancellation {unknown}
 x - a potion of lignification {unknown}
 z - 2 potions of heal wounds {unknown}
 E - a potion of attraction {unknown}
 F - a potion of brilliance


   Skills:
 + Level 5.4 Fighting
 + Level 5.3 Axes
 + Level 5.0 Throwing
 + Level 4.5 Armour
 + Level 5.4 Dodging
 + Level 4.2 Shields


You had 8 spell levels left.
You didn't know any spells.
Your spell library contained the following spells:

 Spells                   Type           Power      Damage    Failure   Level
 Animate Skeleton         Necr           0%         N/A       100%        1
 Apportation              Tloc           0%         N/A       100%        1
 Summon Small Mammal      Summ           0%         N/A       100%        1


Dungeon Overview and Level Annotations

Branches:
Dungeon (7/15)             Temple (1/1) D:6

Altars:
Cheibriados
Elyvilon
Fedhas
Kikubaaqudgha
Nemelex Xobeh

Annotations:
D:6 3 runed translucent doors, RancidPinata's ghost, weakling GrDe
D:7 Harold


Innate Abilities, Weirdness & Mutations

You are partially covered in icy blue scales. (AC +2)
A powerful demonic guardian rushes to your aid.
You regenerate magic rapidly.
You have a small tail.


Message History

You start resting.
HP restored.
You climb downwards.
Level annotation: Harold Harold throws a throwing net.
You block the throwing net.
There is a stone staircase leading up here.
You see here a throwing net.
d - 4 throwing nets (gained 1) Harold throws a throwing net.
The throwing net completely misses you.
You see here a throwing net.
d - 5 throwing nets (gained 1)
You block Harold's attack.
There is a stone staircase leading up here.
Throw: 5 throwing nets
Press: ? - help, Q - select action, (/) - cycle Shift-Dir - straight line, f - Harold
Aim: Harold, wielding a +0 halberd, wearing a +0 chain mail and quivering 2 throwing nets (78% to hit)
You throw a throwing net. The throwing net barely misses Harold.
Harold throws a throwing net.
The throwing net hits you.
You become entangled in the net!
You struggle against the net.
Harold hits you from afar with a +0 halberd!!
You struggle against the net.
Harold hits you from afar with a +0 halberd!
You tear a large gash into the net.
Harold hits you from afar with a +0 halberd.
You rip the net and break free!
Harold throws a throwing net.
The throwing net hits you.
You become entangled in the net!
You struggle against the net.
Harold hits you from afar with a +0 halberd!
* * * LOW HITPOINT WARNING * * *
A demonic guardian appears!
You feel better.
Harold hits you from afar with a +0 halberd!
* * * LOW HITPOINT WARNING * * *
You tear a large gash into the net.
Harold hits you from afar with a +0 halberd!
* * * LOW HITPOINT WARNING * * *
You struggle against the net.
Harold hits you from afar with a +0 halberd!
You die...

#.##.
.....###
#....$.#
#.##.#>.#
#...<...# #
#.##.#..#.#
#.##.#..#.#
#...@3....#
##.@.###
#.### #.#
..# #.. #..
#(. ...


You could see Harold (ally target) and a friendly soul eater (summoned).

Vanquished Creatures
  Sigmund (D:2)
  Eustachio (D:6)
  2 water moccasins
  Duvessa (D:4)
  An orc warrior (D:5)
  2 black bears (D:5)
  A necrophage (D:7)
  2 ogres
  3 phantoms
  A scorpion (D:5)
  Dowan (D:4)
  A bullfrog zombie (D:6)
  4 hounds
  An orc priest (D:5)
  A bullfrog skeleton (D:7)
  A centaur skeleton (D:7)
  Jessica (D:2)
  2 iguanas (D:5)
  Natasha (thrice) (D:2)
  3 orc wizards
  6 adders
  A gnoll (D:5)
  A shadow imp (D:6)
  An ufetubus (D:4)
  2 worms
  3 dart slugs
  17 orcs
  11 bats
  6 endoplasms
  6 giant cockroaches
  3 goblins
  9 hobgoblins
  4 jackals
  7 quokkas
  8 ball pythons
  A frilled lizard (D:1)
  7 kobolds
  6 rats
  A butterfly (D:6)
133 creatures vanquished.

Vanquished Creatures (collateral kills)
  Edmund (D:4)
  A water moccasin (D:5)
  A centaur (D:4)
  An iguana (D:5)
  A quokka (D:4)
5 creatures vanquished.

Grand Total: 138 creatures vanquished

Notes
Turn   | Place    | Note
-------+----------+-------------------------------------------
     0 | D:1      | flotson the Demonspawn Gladiator began the quest for the
                  | Orb.
     0 | D:1      | Reached XP level 1. HP: 16/16 MP: 1/1
    61 | D:1      | Found a faded altar of an unknown god.
   122 | D:1      | Gained mutation: You are partially covered in icy blue
                  | scales. (AC +2) [demonic ancestry]
   122 | D:1      | Reached XP level 2. HP: 17/22 MP: 2/2
  1011 | D:1      | Gained mutation: A weak demonic guardian rushes to your
                  | aid. [demonic ancestry]
  1011 | D:1      | Reached XP level 3. HP: 28/28 MP: 3/3
  1119 | D:1      | Reached skill level 1 in Armour
  1716 | D:2      | Identified the amulet of Rivion Dieps {RegenMP rN++ Str+4
                  | Dex+5}
  1737 | D:2      | Gained mutation: A demonic guardian rushes to your aid.
                  | [demonic ancestry]
  1737 | D:2      | Reached XP level 4. HP: 32/34 MP: 4/4
  1795 | D:2      | Noticed Natasha
  1811 | D:2      | Killed Natasha
  1861 | D:2      | Noticed Sigmund
  1863 | D:2      | Noticed Natasha
  1901 | D:2      | Killed Natasha
  2138 | D:2      | Noticed Jessica
  2145 | D:2      | Killed Jessica
  2146 | D:2      | Reached XP level 5. HP: 37/40 MP: 5/5
  2195 | D:2      | Noticed Natasha
  2200 | D:2      | Killed Natasha
  2201 | D:2      | Reached skill level 1 in Shields
  2231 | D:2      | Killed Sigmund
  2232 | D:2      | Gained mutation: A powerful demonic guardian rushes to your
                  | aid. [demonic ancestry]
  2232 | D:2      | Reached XP level 6. HP: 44/47 MP: 6/6
  3202 | D:4      | Noticed Duvessa
  3313 | D:4      | Killed Duvessa
  3314 | D:4      | Gained mutation: You regenerate magic rapidly. [demonic
                  | ancestry]
  3314 | D:4      | Reached XP level 7. HP: 47/53 MP: 7/7
  3346 | D:4      | Noticed Dowan
  3358 | D:4      | Killed Dowan
  3631 | D:4      | Noticed Edmund
  3638 | D:4      | Killed Edmund
  3856 | D:4      | Found a blossoming altar of Fedhas.
  4555 | D:4      | Found a sparkling altar of Nemelex Xobeh.
  4555 | D:4      | Found an ancient bone altar of Kikubaaqudgha.
  4780 | D:5      | Entered Level 5 of the Dungeon
  4980 | D:5      | Reached XP level 8. HP: 51/60 MP: 8/8
  5361 | D:5      | Found a snail-covered altar of Cheibriados.
  6228 | D:5      | Reached skill level 5 in Dodging
  6333 | D:6      | Reached skill level 5 in Fighting
  6410 | D:6      | Found a staircase to the Ecumenical Temple.
  6421 | D:6      | Reached skill level 5 in Axes
  6725 | Temple   | Entered the Ecumenical Temple
  6734 | D:6      | Found a runed translucent gate.
  6737 | D:6      | Found a runed translucent gate.
  6737 | D:6      | Found a runed translucent gate.
  6737 | D:6      | Noticed a slime creature
  6737 | D:6      | Noticed RancidPinata's ghost (weakling GrDe)
  6901 | D:6      | Noticed Eustachio
  6919 | D:6      | Killed Eustachio
  6920 | D:6      | Gained mutation: You have a small tail. [demonic ancestry]
  6920 | D:6      | Reached XP level 9. HP: 68/68 MP: 9/9
  7798 | D:7      | Noticed Harold
  7850 | D:7      | Reached skill level 5 in Throwing
  7919 | D:7      | Slain by Harold

Illustrated notes

Levels and vault maps discovered:
D:1:      lightli_arrival_farm, layout_basic, ebering_ecumenical_altar_rust,
          minmay_tromino_i4
D:2:      layout_rooms, uniq_sigmund, uniq_jessica, uniq_natasha
D:3:      layout_loops_cross
D:4:      layout_gridville, lemuel_round_altar,
          gammafunk_temple_overflow_statue, uniq_edmund, uniq_duvessa
D:5:      layout_cave_pods, elyvilon_altar_1, kennysheep_slug_shrine,
          cheibrodos_gnoll_hut
D:6:      layout_loops_corners, minmay_temple_entry_butterflies,
          gammafunk_ghost_split, uniq_eustachio
D:7:      layout_loops_cross, uniq_harold, uniq_pikel, uniq_prince_ribbit1
Temple:   minmay_temple_curvy_loop

Skill      XL: |  1  2  3  4  5  6  7  8  9 |
---------------+----------------------------+-----
Throwing       | 2 3 4 5 |  5.0
Axes           | 3 4 5 |  5.3
Dodging        | 3 4 5 |  5.4
Armour         | 1 2 3 4 |  4.5
Shields        | 1 2 3 4 |  4.2
Fighting       | 3 4 5 |  5.4

Action                   |  1- 3 |  4- 6 |  7- 9 || total
-------------------------+-------+-------+-------++-------
Melee: War axe           |   116 |    31 |       ||   147
       Dagger            |       |    69 |   401 ||   470
       Tailslap          |       |       |    22 ||    22
 Fire: Hunting sling     |       |     3 |     3 ||     6
Throw: Throwing net      |       |       |     1 ||     1
  Use: Potion            |       |       |     2 ||     2
 Stab: Sleeping          |     1 |       |       ||     1
Armor: Leather armour    |    41 |       |       ||    41
       Scale mail        |    24 |    39 |   206 ||   269
Dodge: Dodged            |    94 |    62 |   192 ||   348
Block: Buckler           |       |    24 |    72 ||    96
       Kite shield       |       |       |    23 ||    23
       Tower shield      |       |       |    60 ||    60

Table legend: (Time is in decaauts)
 A = Elapsed time spent in this place.
 B = Non-inter-level travel time spent in this place.
 C = Inter-level travel time spent in this place.
 D = Time resting spent in this place.
 E = Time spent auto-exploring this place.
 F = Levels seen in this place.
 G = Mean time per level.
                   A        B        C        D        E       F      G
               +--------+--------+--------+--------+--------+-----+--------+
         Total |   8054 |   7804 |    250 |    426 |   5926 |   8 | 1006.8 |
       Dungeon |   8052 |   7803 |    249 |    426 |   5926 |   7 | 1150.3 |
        Temple |      1 |      0 |      1 |      0 |      0 |   1 |    1.0 |
               +--------+--------+--------+--------+--------+-----+--------+

Top non-repeatable levels by time:
     D:5: 1779 daAuts
     D:1: 1633 daAuts
     D:4: 1556 daAuts
     D:6: 1325 daAuts
     D:2: 920 daAuts
     D:3: 758 daAuts
     D:7: 79 daAuts
  Temple: 1 daAuts
